2992 views
Uploaded 2020-01-20 19:38:31
Game version 1.32.0.6
17:16 long 3on3 ladder game on (6)StranglethornVale
Saved by BEARAND
2992 views
Uploaded 2020-01-20 19:38:31
Game version 1.32.0.6
17:16 long 3on3 ladder game on (6)StranglethornVale


75 units @ 6.8k
/ 0.5k
168 buildings @ 10.9k
/ 6.2k



| Lesser Clarity Potion | 1 | 70 |
| Staff of Sanctuary | 3 | 750 |
| Boots of Speed | 2 | 500 |
| Staff of Teleportation | 3 | 450 |
| Periapt of Vitality | 1 | 325 |
| Circlet of Nobility | 1 | 175 |
| Healing Salve | 2 | 200 |
| Orb of Lightning | 1 | 375 |
| total: | 14 | 2845g |
| Peasant | 14 | 1050 | / | 0 |
| Priest | 1 | 135 | / | 10 |
| Sorceress | 1 | 155 | / | 20 |
| Goblin Shredder | 1 | 375 | / | 100 |
| Goblin Zeppelin | 1 | 240 | / | 60 |
| total: | 18 | 1955g | / | 190w |
| Scout Tower | 44 | 1320 | / | 880 |
| Arcane Tower | 4 | 280 | / | 200 |
| Guard Tower | 26 | 1820 | / | 1300 |
| Altar of Kings | 1 | 180 | / | 50 |
| Farm | 4 | 320 | / | 80 |
| Lumber Mill | 1 | 120 | / | 0 |
| Town Hall | 1 | 385 | / | 205 |
| Arcane Vault | 2 | 260 | / | 60 |
| Arcane Sanctum | 1 | 150 | / | 140 |
| Keep | 1 | 320 | / | 210 |
| Castle | 1 | 360 | / | 210 |
| total: | 54 | 2735g | / | 1415w |
| 0:01 | Peasant |
| 0:06 | Altar of Kings |
| 0:14 | Peasant |
| 0:14 | Peasant |
| 0:17 | Farm |
| 0:23 | Peasant |
| 0:31 | Peasant |
| 0:52 | Scout Tower |
| 0:52 | Peasant |
| 1:00 | Farm |
| 1:18 | Lumber Mill |
| 1:19 | Arcane Tower |
| 1:21 | Peasant |
| 1:37 | Scout Tower |
| 1:39 | Scout Tower |
| 1:39 | Peasant |
| 1:45 | Blizzard |
| 1:53 | Peasant |
| 2:36 | Guard Tower |
| 2:37 | Guard Tower |
| 2:38 | Scout Tower |
| 2:59 | Peasant |
| 2:59 | Peasant |
| 3:19 | Peasant |
| 3:20 | Guard Tower |
| 3:21 | Scout Tower |
| 3:22 | Scout Tower |
| 3:26 | Improved Masonry |
| 3:38 | Scout Tower |
| 3:50 | Keep |
| 3:51 | Guard Tower |
| 4:29 | Guard Tower |
| 4:32 | Farm |
| 4:32 | Farm |
| 4:34 | Brilliance Aura |
| 4:39 | Scout Tower |
| 4:39 | Scout Tower |
| 4:40 | Guard Tower |
| 5:35 | Town Hall |
| 5:48 | Scout Tower |
| 5:49 | Scout Tower |
| 5:54 | Boots of Speed |
| 6:08 | Guard Tower |
| 6:09 | Arcane Tower |
| 6:20 | Staff of Teleportation |
| 6:20 | Staff of Teleportation |
| 6:38 | Blizzard |
| 6:45 | Guard Tower |
| 6:46 | Arcane Tower |
| 6:47 | Scout Tower |
| 6:48 | Scout Tower |
| 6:49 | Healing Salve |
| 7:07 | Scout Tower |
| 7:34 | Peasant |
| 7:34 | Peasant |
| 7:35 | Guard Tower |
| 8:05 | Storm Bolt |
| 8:12 | Arcane Sanctum |
| 8:15 | Advanced Masonry |
| 8:16 | Improved Lumber Harvesting |
| 8:28 | Boots of Speed |
| 8:28 | Staff of Teleportation |
| 8:30 | Periapt of Vitality |
| 8:35 | Circlet of Nobility |
| 8:41 | Guard Tower |
| 8:43 | Scout Tower |
| 8:43 | Scout Tower |
| 8:44 | Scout Tower |
| 9:11 | Arcane Tower |
| 9:35 | Healing Salve |
| 9:37 | Lesser Clarity Potion |
| 9:42 | Guard Tower |
| 9:44 | Scout Tower |
| 9:45 | Scout Tower |
| 9:45 | Scout Tower |
| 9:46 | Scout Tower |
| 9:46 | Scout Tower |
| 10:40 | Castle |
| 11:08 | Magic Sentry |
| 11:09 | Priest |
| 11:21 | Scout Tower |
| 11:22 | Scout Tower |
| 11:22 | Scout Tower |
| 11:23 | Scout Tower |
| 11:26 | Guard Tower |
| 11:26 | Guard Tower |
| 11:31 | Arcane Vault |
| 11:36 | Arcane Vault |
| 12:00 | Guard Tower |
| 12:22 | Guard Tower |
| 12:38 | Goblin Shredder |
| 12:46 | Goblin Zeppelin |
| 13:17 | Guard Tower |
| 13:22 | Sorceress |
| 13:22 | Sorceress Adept Training |
| 13:34 | Staff of Sanctuary |
| 13:47 | Staff of Sanctuary |
| 14:12 | Imbued Masonry |
| 14:13 | Advanced Lumber Harvesting |
| 14:15 | Guard Tower |
| 14:17 | Guard Tower |
| 14:18 | Guard Tower |
| 14:19 | Guard Tower |
| 14:21 | Scout Tower |
| 14:22 | Scout Tower |
| 14:22 | Scout Tower |
| 14:23 | Scout Tower |
| 14:24 | Scout Tower |
| 14:25 | Scout Tower |
| 14:27 | Scout Tower |
| 14:37 | Scout Tower |
| 14:38 | Scout Tower |
| 14:38 | Scout Tower |
| 14:39 | Scout Tower |
| 14:39 | Scout Tower |
| 14:41 | Guard Tower |
| 14:45 | Scout Tower |
| 14:45 | Scout Tower |
| 14:46 | Scout Tower |
| 14:46 | Scout Tower |
| 14:48 | Scout Tower |
| 14:48 | Scout Tower |
| 15:00 | Orb of Lightning |
| 16:16 | Holy Light |
| 16:18 | Guard Tower |
| 16:18 | Guard Tower |
| 16:38 | Staff of Sanctuary |
| Right click | 1206 |
| Select | 391 |
| Select group | 209 |
| Build/train/purchase | 101 |
| Chat | 92 |
| Use ability | 45 |
| Minimap ping | 12 |
| Assign group | 9 |
| Misc. action | 6 |
| Item give/drop | 3 |


| Lesser Clarity Potion | 3 | 210 |
| Potion of Healing | 1 | 150 |
| Staff of Teleportation | 2 | 300 |
| Boots of Speed | 2 | 500 |
| Circlet of Nobility | 1 | 175 |
| Periapt of Vitality | 1 | 325 |
| total: | 10 | 1660g |
| Peasant | 29 | 2175 | / | 0 |
| total: | 29 | 2175g | / | 0w |
| Scout Tower | 68 | 2040 | / | 1360 |
| Arcane Tower | 2 | 140 | / | 100 |
| Guard Tower | 37 | 2590 | / | 1850 |
| Altar of Kings | 1 | 180 | / | 50 |
| Farm | 4 | 320 | / | 80 |
| Lumber Mill | 1 | 120 | / | 0 |
| Arcane Vault | 2 | 260 | / | 60 |
| Town Hall | 1 | 385 | / | 205 |
| Arcane Sanctum | 1 | 150 | / | 140 |
| Keep | 1 | 320 | / | 210 |
| Castle | 1 | 360 | / | 210 |
| total: | 78 | 3455g | / | 1895w |
| 0:02 | Peasant |
| 0:02 | Peasant |
| 0:05 | Altar of Kings |
| 0:07 | Farm |
| 0:16 | Peasant |
| 0:29 | Peasant |
| 0:30 | Peasant |
| 0:48 | Lumber Mill |
| 0:49 | Peasant |
| 0:55 | Scout Tower |
| 1:01 | Peasant |
| 1:11 | Farm |
| 1:20 | Peasant |
| 1:22 | Arcane Tower |
| 1:43 | Scout Tower |
| 1:46 | Peasant |
| 1:53 | Farm |
| 1:57 | Peasant |
| 2:05 | Blizzard |
| 2:08 | Guard Tower |
| 2:15 | Scout Tower |
| 2:18 | Peasant |
| 2:23 | Scout Tower |
| 2:38 | Arcane Vault |
| 2:51 | Guard Tower |
| 2:52 | Scout Tower |
| 3:08 | Guard Tower |
| 3:30 | Guard Tower |
| 3:40 | Peasant |
| 3:41 | Peasant |
| 3:44 | Scout Tower |
| 3:48 | Staff of Teleportation |
| 3:48 | Boots of Speed |
| 4:00 | Peasant |
| 4:00 | Peasant |
| 4:12 | Guard Tower |
| 4:16 | Scout Tower |
| 4:28 | Brilliance Aura |
| 4:47 | Town Hall |
| 5:03 | Peasant |
| 5:03 | Peasant |
| 5:09 | Guard Tower |
| 5:10 | Scout Tower |
| 5:52 | Guard Tower |
| 5:55 | Scout Tower |
| 5:59 | Peasant |
| 5:59 | Peasant |
| 6:01 | Peasant |
| 6:01 | Peasant |
| 6:34 | Scout Tower |
| 6:37 | Scout Tower |
| 6:49 | Keep |
| 6:51 | Guard Tower |
| 6:57 | Scout Tower |
| 6:57 | Scout Tower |
| 7:04 | Guard Tower |
| 7:15 | Peasant |
| 7:15 | Peasant |
| 7:16 | Peasant |
| 7:29 | Improved Masonry |
| 7:44 | Blizzard |
| 7:51 | Scout Tower |
| 7:51 | Scout Tower |
| 7:53 | Scout Tower |
| 7:54 | Scout Tower |
| 7:54 | Scout Tower |
| 7:56 | Scout Tower |
| 7:59 | Guard Tower |
| 8:03 | Scout Tower |
| 8:15 | Scout Tower |
| 8:33 | Guard Tower |
| 8:34 | Scout Tower |
| 8:36 | Guard Tower |
| 8:39 | Peasant |
| 8:39 | Peasant |
| 8:46 | Guard Tower |
| 9:09 | Guard Tower |
| 9:10 | Scout Tower |
| 9:12 | Guard Tower |
| 9:15 | Guard Tower |
| 9:18 | Scout Tower |
| 9:18 | Scout Tower |
| 9:21 | Scout Tower |
| 9:21 | Scout Tower |
| 9:23 | Guard Tower |
| 9:29 | Improved Lumber Harvesting |
| 9:30 | Peasant |
| 9:36 | Peasant |
| 9:36 | Peasant |
| 9:56 | Guard Tower |
| 9:58 | Scout Tower |
| 9:58 | Scout Tower |
| 10:00 | Guard Tower |
| 10:02 | Guard Tower |
| 10:10 | Arcane Sanctum |
| 10:24 | Flame Strike |
| 10:28 | Scout Tower |
| 10:28 | Scout Tower |
| 10:30 | Scout Tower |
| 10:33 | Scout Tower |
| 10:44 | Scout Tower |
| 10:46 | Scout Tower |
| 10:48 | Scout Tower |
| 10:57 | Guard Tower |
| 10:59 | Scout Tower |
| 11:00 | Scout Tower |
| 11:05 | Castle |
| 11:07 | Guard Tower |
| 11:20 | Magic Sentry |
| 11:24 | Guard Tower |
| 11:26 | Arcane Tower |
| 11:49 | Scout Tower |
| 12:01 | Scout Tower |
| 12:02 | Scout Tower |
| 12:06 | Guard Tower |
| 12:16 | Guard Tower |
| 12:20 | Scout Tower |
| 12:21 | Scout Tower |
| 12:22 | Scout Tower |
| 12:24 | Lesser Clarity Potion |
| 12:25 | Lesser Clarity Potion |
| 12:31 | Guard Tower |
| 12:45 | Scout Tower |
| 12:46 | Scout Tower |
| 12:47 | Scout Tower |
| 12:49 | Scout Tower |
| 12:50 | Scout Tower |
| 12:54 | Staff of Teleportation |
| 12:55 | Boots of Speed |
| 12:58 | Circlet of Nobility |
| 13:01 | Periapt of Vitality |
| 13:12 | Guard Tower |
| 13:34 | Scout Tower |
| 13:39 | Scout Tower |
| 13:45 | Scout Tower |
| 13:45 | Scout Tower |
| 14:02 | Scout Tower |
| 14:03 | Guard Tower |
| 14:23 | Guard Tower |
| 14:29 | Scout Tower |
| 14:31 | Scout Tower |
| 14:34 | Guard Tower |
| 14:45 | Scout Tower |
| 14:49 | Scout Tower |
| 14:58 | Guard Tower |
| 15:00 | Guard Tower |
| 15:15 | Guard Tower |
| 15:18 | Scout Tower |
| 15:19 | Scout Tower |
| 15:45 | Guard Tower |
| 15:54 | Guard Tower |
| 16:07 | Scout Tower |
| 16:11 | Scout Tower |
| 16:14 | Scout Tower |
| 16:15 | Scout Tower |
| 16:18 | Arcane Vault |
| 16:26 | Farm |
| 16:44 | Guard Tower |
| 16:49 | Potion of Healing |
| 16:51 | Lesser Clarity Potion |
| 16:54 | Siphon Mana |
| 17:01 | Guard Tower |
| 17:05 | Scout Tower |
| 17:05 | Scout Tower |
| 17:07 | Scout Tower |
| 17:07 | Scout Tower |
| Right click | 616 |
| Select group | 280 |
| Select | 237 |
| Build/train/purchase | 111 |
| Chat | 52 |
| Use ability | 31 |
| Misc. action | 25 |
| Minimap ping | 22 |
| Assign group | 5 |
| Item give/drop | 2 |
| Esc | 1 |


| Healing Salve | 2 | 200 |
| Scroll of Speed | 1 | 50 |
| Orb of Lightning | 1 | 375 |
| Boots of Speed | 2 | 500 |
| Staff of Teleportation | 2 | 300 |
| Potion of Lesser Invulnerability | 1 | 150 |
| Potion of Invisibility | 1 | 100 |
| total: | 10 | 1675g |
| Peon | 21 | 1575 | / | 0 |
| Troll Batrider | 7 | 1120 | / | 280 |
| total: | 28 | 2695g | / | 280w |
| Watch Tower | 23 | 2530 | / | 1840 |
| Altar of Storms | 1 | 180 | / | 50 |
| Orc Burrow | 3 | 480 | / | 120 |
| War Mill | 1 | 205 | / | 0 |
| Voodoo Lounge | 3 | 390 | / | 90 |
| Great Hall | 1 | 385 | / | 185 |
| Beastiary | 4 | 580 | / | 560 |
| Stronghold | 1 | 315 | / | 190 |
| Fortress | 1 | 325 | / | 190 |
| total: | 36 | 4750g | / | 2845w |
| 0:02 | Peon |
| 0:02 | Peon |
| 0:05 | Altar of Storms |
| 0:18 | Orc Burrow |
| 0:21 | Peon |
| 0:39 | Peon |
| 0:48 | War Mill |
| 0:53 | Peon |
| 1:04 | Peon |
| 1:13 | Voodoo Lounge |
| 1:22 | Peon |
| 1:39 | Orc Burrow |
| 1:46 | Peon |
| 2:01 | Watch Tower |
| 2:06 | Wind Walk |
| 2:11 | Peon |
| 2:16 | Healing Salve |
| 2:17 | Scroll of Speed |
| 2:32 | Watch Tower |
| 3:31 | Peon |
| 3:31 | Peon |
| 3:31 | Peon |
| 3:35 | Watch Tower |
| 3:37 | Watch Tower |
| 4:13 | Watch Tower |
| 4:16 | Peon |
| 4:17 | Peon |
| 4:18 | Boots of Speed |
| 4:19 | Staff of Teleportation |
| 4:30 | Watch Tower |
| 4:55 | Stronghold |
| 5:28 | Watch Tower |
| 5:32 | Watch Tower |
| 6:47 | Voodoo Lounge |
| 6:51 | Voodoo Lounge |
| 7:03 | Watch Tower |
| 7:05 | Watch Tower |
| 7:21 | Peon |
| 7:21 | Peon |
| 7:29 | Critical Strike |
| 7:45 | Orc Burrow |
| 7:52 | Reinforced Defenses |
| 8:11 | Healing Salve |
| 8:16 | Beastiary |
| 8:19 | Beastiary |
| 8:21 | Spiked Barricades |
| 8:29 | Watch Tower |
| 8:31 | Watch Tower |
| 8:38 | Hex |
| 8:53 | Peon |
| 9:13 | Watch Tower |
| 9:28 | Watch Tower |
| 9:32 | Great Hall |
| 9:42 | Watch Tower |
| 10:48 | Fortress |
| 10:50 | Watch Tower |
| 10:58 | Wind Walk |
| 11:30 | Beastiary |
| 11:35 | Watch Tower |
| 11:55 | Watch Tower |
| 12:17 | Peon |
| 12:17 | Peon |
| 12:17 | Peon |
| 12:19 | Peon |
| 12:20 | Boots of Speed |
| 12:26 | Staff of Teleportation |
| 12:54 | Potion of Lesser Invulnerability |
| 13:02 | Potion of Invisibility |
| 13:07 | Watch Tower |
| 13:10 | Liquid Fire |
| 13:17 | Steel Ranged Weapons |
| 13:34 | Orb of Lightning |
| 13:35 | Troll Batrider |
| 13:45 | Troll Batrider |
| 14:03 | Troll Batrider |
| 14:10 | Watch Tower |
| 14:19 | Troll Batrider |
| 14:27 | Thorium Ranged Weapons |
| 14:31 | Watch Tower |
| 14:35 | Watch Tower |
| 14:53 | Troll Batrider |
| 15:53 | Healing Wave |
| 15:54 | Healing Wave |
| 16:05 | Watch Tower |
| 16:07 | Troll Batrider |
| 16:09 | Beastiary |
| 16:56 | Troll Batrider |
| 17:13 | Critical Strike |
| Right click | 1258 |
| Select | 322 |
| Select group | 142 |
| Build/train/purchase | 69 |
| Use ability | 56 |
| Misc. action | 18 |
| Assign group | 9 |
| Item give/drop | 2 |
| Minimap ping | 2 |
| Remove unit | 1 |
| Esc | 1 |
100 units @ 13.2k
/ 1.1k
48 buildings @ 6.8k
/ 2.5k

| Circlet of Nobility | 2 | 350 |
| Boots of Speed | 1 | 250 |
| total: | 3 | 600g |
| Peasant | 15 | 1125 | / | 0 |
| Footman | 4 | 540 | / | 0 |
| Rifleman | 17 | 3485 | / | 510 |
| total: | 36 | 5150g | / | 510w |
| Scout Tower | 3 | 90 | / | 60 |
| Guard Tower | 1 | 70 | / | 50 |
| Altar of Kings | 1 | 180 | / | 50 |
| Farm | 8 | 640 | / | 160 |
| Barracks | 1 | 160 | / | 60 |
| Blacksmith | 1 | 140 | / | 60 |
| Lumber Mill | 1 | 120 | / | 0 |
| Arcane Vault | 1 | 130 | / | 30 |
| Gryphon Aviary | 2 | 280 | / | 300 |
| Keep | 1 | 320 | / | 210 |
| total: | 18 | 1740g | / | 720w |
| 0:07 | Altar of Kings |
| 0:11 | Farm |
| 0:12 | Peasant |
| 0:12 | Peasant |
| 0:16 | Peasant |
| 0:17 | Peasant |
| 0:46 | Barracks |
| 0:52 | Farm |
| 1:30 | Peasant |
| 1:55 | Blacksmith |
| 2:01 | Farm |
| 2:02 | Footman |
| 2:02 | Footman |
| 2:03 | Footman |
| 2:10 | Peasant |
| 2:18 | Storm Bolt |
| 2:35 | Peasant |
| 2:45 | Footman |
| 3:36 | Iron Forged Swords |
| 3:37 | Rifleman |
| 3:37 | Rifleman |
| 3:54 | Rifleman |
| 3:58 | Black Gunpowder |
| 4:15 | Peasant |
| 4:21 | Farm |
| 4:35 | Farm |
| 4:49 | Studded Leather Armor |
| 5:02 | Farm |
| 6:01 | Peasant |
| 6:02 | Peasant |
| 6:02 | Peasant |
| 6:02 | Peasant |
| 6:23 | Rifleman |
| 6:23 | Rifleman |
| 6:23 | Rifleman |
| 6:53 | Keep |
| 7:03 | Scout Tower |
| 7:21 | Scout Tower |
| 7:24 | Scout Tower |
| 7:41 | Lumber Mill |
| 8:15 | Thunder Clap |
| 8:48 | Guard Tower |
| 9:09 | Rifleman |
| 9:09 | Rifleman |
| 9:09 | Rifleman |
| 9:09 | Rifleman |
| 9:09 | Rifleman |
| 9:09 | Rifleman |
| 11:09 | Peasant |
| 11:09 | Peasant |
| 11:09 | Peasant |
| 11:12 | Refined Gunpowder |
| 11:17 | Rifleman |
| 11:17 | Rifleman |
| 11:17 | Rifleman |
| 11:17 | Rifleman |
| 11:17 | Rifleman |
| 13:14 | Circlet of Nobility |
| 13:14 | Circlet of Nobility |
| 13:16 | Boots of Speed |
| 13:40 | Gryphon Aviary |
| 13:48 | Gryphon Aviary |
| 13:57 | Farm |
| 14:53 | Farm |
| 16:13 | Arcane Vault |
| Right click | 246 |
| Select | 158 |
| Build/train/purchase | 49 |
| Use ability | 10 |
| Select group | 6 |
| Assign group | 3 |
| Remove unit | 2 |
| Wisp | 6 | 360 | / | 0 |
| Archer | 2 | 260 | / | 20 |
| total: | 8 | 620g | / | 20w |
| Altar of Elders | 1 | 180 | / | 50 |
| Moon Well | 1 | 180 | / | 40 |
| Ancient of War | 1 | 150 | / | 60 |
| total: | 3 | 510g | / | 150w |
| 0:58 | Wisp |
| 0:59 | Wisp |
| 1:04 | Altar of Elders |
| 1:11 | Moon Well |
| 1:17 | Ancient of War |
| 1:26 | Wisp |
| 1:42 | Wisp |
| 1:56 | Wisp |
| 1:57 | Wisp |
| 2:18 | Archer |
| 2:18 | Archer |
| Select | 24 |
| Right click | 13 |
| Build/train/purchase | 9 |
| Use ability | 2 |


| Healing Salve | 2 | 200 |
| Lesser Clarity Potion | 1 | 70 |
| Scroll of Speed | 1 | 50 |
| Dust of Appearance | 1 | 75 |
| total: | 5 | 395g |
| Peon | 13 | 975 | / | 0 |
| Grunt | 3 | 600 | / | 0 |
| Wind Rider | 7 | 1855 | / | 280 |
| Wisp | 8 | 480 | / | 0 |
| Archer | 16 | 2080 | / | 160 |
| Hippogryph | 9 | 1440 | / | 180 |
| total: | 56 | 7430g | / | 620w |
| Watch Tower | 2 | 220 | / | 160 |
| Altar of Storms | 2 | 360 | / | 100 |
| Orc Burrow | 6 | 960 | / | 240 |
| Barracks | 2 | 360 | / | 100 |
| Voodoo Lounge | 1 | 130 | / | 30 |
| War Mill | 1 | 205 | / | 0 |
| Great Hall | 1 | 385 | / | 185 |
| Beastiary | 2 | 290 | / | 280 |
| Stronghold | 2 | 630 | / | 380 |
| Fortress | 2 | 650 | / | 380 |
| Moon Well | 6 | 1080 | / | 240 |
| Ancient of War | 1 | 150 | / | 60 |
| Ancient of Wonders | 1 | 90 | / | 30 |
| Hunter's Hall | 1 | 210 | / | 100 |
| Ancient of Wind | 1 | 150 | / | 140 |
| Tree of Ages | 2 | 640 | / | 360 |
| Tree of Eternity | 2 | 660 | / | 400 |
| total: | 27 | 4590g | / | 1665w |
| 0:08 | Altar of Storms |
| 0:09 | Altar of Storms |
| 0:10 | Peon |
| 0:11 | Peon |
| 0:11 | Peon |
| 0:27 | Orc Burrow |
| 0:42 | Barracks |
| 0:44 | Barracks |
| 0:45 | Peon |
| 0:58 | Peon |
| 1:13 | Peon |
| 1:31 | Peon |
| 1:41 | Voodoo Lounge |
| 1:48 | Peon |
| 1:52 | Orc Burrow |
| 2:00 | Grunt |
| 2:16 | Wind Walk |
| 3:06 | Trueshot Aura |
| 3:20 | Stronghold |
| 3:23 | Orc Burrow |
| 3:24 | Grunt |
| 3:26 | Healing Salve |
| 3:29 | Lesser Clarity Potion |
| 3:29 | Scroll of Speed |
| 3:38 | Wisp |
| 3:39 | Wisp |
| 3:39 | Wisp |
| 3:39 | Wisp |
| 3:41 | Archer |
| 3:41 | Archer |
| 3:41 | Archer |
| 4:12 | Wisp |
| 4:12 | Archer |
| 4:21 | War Mill |
| 4:25 | Wisp |
| 4:32 | Grunt |
| 4:37 | Moon Well |
| 5:08 | Critical Strike |
| 5:33 | Archer |
| 5:34 | Ancient of War |
| 5:34 | Wisp |
| 5:35 | Wisp |
| 5:41 | Healing Salve |
| 5:55 | Beastiary |
| 5:57 | Beastiary |
| 5:58 | Fortress |
| 6:07 | Archer |
| 6:28 | Moon Well |
| 6:37 | Archer |
| 6:38 | Archer |
| 6:55 | Tree of Ages |
| 7:00 | Ancient of Wonders |
| 7:10 | Orc Burrow |
| 7:13 | Wind Rider |
| 7:22 | Dust of Appearance |
| 7:31 | Wind Rider |
| 7:41 | Wind Walk |
| 8:07 | Archer |
| 8:13 | Watch Tower |
| 8:17 | Hunter's Hall |
| 8:25 | Wind Rider |
| 8:36 | Orc Burrow |
| 8:46 | Searing Arrows |
| 9:01 | Steel Ranged Weapons |
| 9:01 | Thorium Ranged Weapons |
| 9:03 | Envenomed Spears |
| 9:18 | Improved Bows |
| 9:19 | Archer |
| 9:19 | Archer |
| 9:55 | Great Hall |
| 10:55 | Acid Bomb |
| 11:04 | Wind Rider |
| 11:34 | Tree of Eternity |
| 11:35 | Archer |
| 11:35 | Archer |
| 11:36 | Archer |
| 11:37 | Strength of the Moon |
| 11:37 | Moon Armor |
| 11:38 | Ultravision |
| 11:47 | Wind Rider |
| 12:03 | Ancient of Wind |
| 12:35 | Peon |
| 12:35 | Peon |
| 12:35 | Peon |
| 12:35 | Peon |
| 12:36 | Peon |
| 12:41 | Watch Tower |
| 13:09 | Hippogryph |
| 13:09 | Hippogryph |
| 13:09 | Hippogryph |
| 13:09 | Hippogryph |
| 13:12 | Moon Well |
| 13:15 | Moon Well |
| 13:24 | Improved Strength of the Moon |
| 13:29 | Wind Rider |
| 13:29 | Wind Rider |
| 13:53 | Orc Burrow |
| 14:04 | Marksmanship |
| 14:07 | Hippogryph |
| 14:07 | Hippogryph |
| 14:09 | Archer |
| 14:09 | Archer |
| 14:45 | Hippogryph |
| 14:45 | Hippogryph |
| 14:45 | Hippogryph |
| 15:35 | Critical Strike |
| 16:35 | Moon Well |
| 16:36 | Moon Well |
| Right click | 752 |
| Select | 444 |
| Select group | 363 |
| Misc. action | 203 |
| Build/train/purchase | 126 |
| Assign group | 33 |
| Use ability | 15 |
| Resource trade | 5 |
| Item give/drop | 4 |
| Esc | 1 |
⇛